AoeStats
← Get Rich @ Hex.com

Arabia

509672398Analyzed
2v2 RM · 6d ago on Sep 27, 2026· 37m 14s· 4 players
Game mode
Random Map
Map size
Medium (4 player)
Population
200
Speed
Normal
Resources
Standard
Victory
Conquest
Starting age
Dark Age
Ending age
Imperial Age
RankedLock teamsTeams togetherTeam positionsShared explorationLock speedFull tech treeHidden civsTurbo modeCheats
Victory
Defeat
🇺🇸 Cumans · United States
935
+16
🇺🇸 Britons · United States
935
+16
🇹🇷 Mongols · Türkiye
960
-27
🇹🇷 Magyars · Türkiye
910
-15
Get Rich @ Hex.com
6:05 Loom
12:27 Feudal Age
15:33 Wheelbarrow
16:25 Double-Bit Axe
17:41 Fletching
23:12 Castle Age
23:35 Bloodlines
23:13 Horse Collar
24:45 Scale Barding Armor
24:51 Forging
27:18 Capped Ram
29:41 Gold Mining
30:56 Light Cavalry
Blondie
10:09 Feudal Age
8:25 Loom
16:53 Castle Age
16:37 Double-Bit Axe
16:33 Horse Collar
17:30 Crossbowman
22:26 Wheelbarrow
21:51 Fletching
22:01 Padded Archer Armor
25:58 Pikeman
30:49 Wheelbarrow
Ulghar
0:31 Loom
12:33 Feudal Age
13:31 Double-Bit Axe
17:25 Wheelbarrow
20:23 Castle Age
18:39 Horse Collar
20:23 Scale Barding Armor
20:47 Stone Mining
20:48 Gold Mining
21:28 Fletching
22:55 Chain Barding Armor
28:46 Husbandry
Senbonzakura Kageyoshi
10:08 Feudal Age
10:37 Double-Bit Axe
15:16 Horse Collar
20:09 Castle Age
22:59 Caravan
23:09 Stone Mining
23:10 Gold Mining
23:32 Bow Saw
24:05 Heavy Plow
28:46 Loom
30:24 Husbandry
30:34 Bloodlines
33:59 Imperial Age
35:01 Imperial Age
Connection lost

Rejoining the realm…

Still unreachable

The connection could not be restored.

Session expired

The server has moved on; the page needs a fresh start.